 Dungeon Crawl Stone Soup version 0.27.0-1-g7a089689b8 (webtiles) character file.

Game seed: 14566267910964861071

2853 sasquatch the Martial Artist (level 9, -2/63 HPs)
             Began as a Demigod Transmuter on Aug 5, 2021.
             Killed from afar by Harold (10 damage)
             ... with a harpoon shot
             ... on level 7 of the Dungeon.
             The game lasted 00:22:03 (8827 turns).

sasquatch the Martial Artist (Demigod Transmuter)   Turns: 8827, Time: 00:22:04

Health: -2/63      AC:  6    Str: 11    XL:     9   Next: 23%
Magic:  14/14      EV: 20    Int: 15    God:
Gold:   442        SH:  0    Dex: 31    Spells: 5/11 levels left

rFire    . . .     SeeInvis .     - Unarmed
rCold    . . .     Faith    .   (shield currently unavailable)
rNeg     . . .     Spirit   .   (armour currently unavailable)
rPois    x         Reflect  .   (helmet currently unavailable)
rElec    .         Harm     .   (cloak currently unavailable)
rCorr    .         Rampage  .   (gloves currently unavailable)
Will     .....                  (boots currently unavailable)
Stlth    ++........             (no amulet)
HPRegen  0.20/turn              g - +4 ring of protection
MPRegen  0.14/turn              (no ring)

@: spider-form, marked
A: venomous fangs, tiny, high mp 1, forlorn
a: End Transformation


You were on level 7 of the Dungeon.
You were a venomous arachnid creature.
You visited 1 branch of the dungeon, and saw 7 of its levels.
You also visited: Ossuary.

You collected 442 gold pieces.

Inventory:

Hand Weapons
 B - a +0 dagger of venom
Missiles
 h - 21 poisoned darts
 m - 7 datura-tipped darts
 v - 9 curare-tipped darts
 x - 2 atropa-tipped darts
Armour
 a - a +0 robe (melded)
 n - a +0 ring mail
 y - a +0 helmet (melded)
 D - +0 steam dragon scales
Jewellery
 g - a +4 ring of protection (left front leg)
Wands
 q - a wand of mindburst (12)
 C - a wand of acid (15)
Scrolls
 b - 2 scrolls of amnesia
 e - a scroll of fear
 f - 3 scrolls of immolation
 k - a scroll of holy word
 o - a scroll of blinking {unknown}
 p - a scroll of enchant armour {unknown}
 t - a scroll of brand weapon
 w - a scroll of enchant weapon {unknown}
 A - 2 scrolls of magic mapping
Potions
 c - a potion of flight
 d - a potion of curing {unknown}
 i - a potion of attraction
 j - a potion of heal wounds
 l - a potion of haste
 r - a potion of cancellation
 s - 4 potions of brilliance
 u - a potion of might
 z - a potion of invisibility


   Skills:
 - Level 0.8 Fighting
 - Level 1.7 Dodging
 + Level 9.0 Unarmed Combat
 - Level 1.7 Spellcasting
 + Level 8.7 Transmutations


You had 5 spell levels left.
You knew the following spells:

 Your Spells              Type           Power      Damage    Failure   Level
a - Beastly Appendage     Tmut           54%        N/A       4%          1
b - Wereblood             Tmut           27%        N/A       4%          2
c - Spider Form           Tmut/Pois      7%         N/A       28%         3

Your spell library contained the following spells:

 Spells                   Type           Power      Damage    Failure   Level
 Summon Small Mammal      Summ           4%         N/A       43%         1
 Slow                     Hex            1%         N/A       56%         2
 Ice Form                 Ice/Tmut       14%        N/A       58%         4
 Call Canine Familiar     Summ           1%         N/A       77%         3
 Confusing Touch          Hex            1%         N/A       77%         3
 Inner Flame              Hex/Fire       1%         N/A       77%         3
 Stone Arrow              Conj/Erth      2%         3d7       77%         3
 Summon Guardian Golem    Hex/Summ       1%         N/A       77%         3
 Yara's Violent Unravell  Hex/Tmut       7%         3d5       87%         5
 Airstrike                Air            0%         N/A       98%         4
 Animate Armour           Summ/Erth      2%         N/A       98%         4
 Cause Fear               Hex            0%         N/A       98%         4
 Summon Lightning Spire   Summ/Air       1%         N/A       98%         4
 Lightning Bolt           Conj/Air       0%         1d11      100%        5
 Discord                  Hex            0%         N/A       100%        8
 Lehudib's Crystal Spear  Conj/Erth      0%         10d2      100%        8


Dungeon Overview and Level Annotations

Branches:
Dungeon (7/15)             Temple (0/1) D:4         Ossuary (visited)

Annotations:
D:7 Harold


Innate Abilities, Weirdness & Mutations

You are a venomous arachnid creature.
You have poisonous fangs.
You are tiny and dextrous.
Your spellcasting is less reliable in this form.
Your armour is entirely melded.
You are incapable of wielding weapons or throwing items.
Your attributes grow dramatically as you level up.
You have an increased reservoir of magic. (+10% MP)
You shall have no god before yourself.


Message History

You see here a throwing net.
You struggle against the net.
Casting: Beastly Appendage (safe; 1% risk of failure)
Confirm with . or Enter, or press ? or * to list all spells.
Your horns disappear.
Your talons disappear.
Your +0 helmet unmelds from your body.
You turn into a venomous arachnid creature.
Your +0 helmet melds into your body.
Your +0 robe melds into your body.
Harold gestures at you while chanting. A sentinel's mark forms upon you.
You struggle against the net.
Casting: Spider Form (dangerous; 28% risk of failure)
Confirm with . or Enter, or press ? or * to list all spells.
Okay, then.
Unknown command.
You rip the net and break free!
Harold points at you and mumbles some strange words.
The mark upon you grows brighter.
You hit Harold.
Harold is poisoned.
Harold is lightly wounded.
You hit Harold.
Harold is lightly wounded.
Harold hits you with a +0 glaive!
You bite Harold!
Harold is moderately wounded.
Harold hits you with a +0 glaive!
You hit Harold but do no damage.
Harold is moderately wounded.
Harold hits you with a +0 glaive!
You are too injured to fight recklessly!
Harold hits you from afar with a +0 glaive!!
* * * LOW HITPOINT WARNING * * *
Harold gestures at you while chanting. The mark upon you grows brighter.
Harold gestures at you while chanting. The mark upon you grows brighter.
Harold asks, "Do you mind if I name my boat the 'sasquatch'?
Your head will be paying for it, after all."
Harold fires a harpoon shot at you. The harpoon shot hits you!
You die...

#.#...#..#......#
#.#...#..#.###..#
..#...#..#.# #..#
......#..#.#
#..##
≈≈≈......#.#
#...#
≈≈≈≈≈....#.#
##..##
≈≈≈≈≈≈...#.#
#...#
≈≈≈≈≈≈≈..#.#
##..##
♣♣≈≈≈≈..#.# #..#
≈≈≈≈≈≈≈.##.# #@.#
≈≈≈≈≈≈..##.# ##.#
≈≈≈≈≈......#
######.##
≈≈≈...####.#
#.......#


You could see Harold (poisoned).

Vanquished Creatures
  Maggie (D:7)
  3 water moccasins
  2 sky beasts
  A black bear (D:6)
  A necrophage (D:6)
  A kobold brigand (D:7)
  3 bullfrogs (D:7)
  4 scorpions
  3 elf skeletons (D:5)
  A water moccasin zombie (D:5)
  8 wights (D:7)
  2 centaur zombies
  2 bullfrog zombies (D:5)
  5 hounds
  A jelly (D:5)
  2 centaur skeletons
  6 iguanas
  2 human skeletons (D:5)
  A killer bee zombie (D:5)
  8 mummies (Ossuary)
  2 howler monkey skeletons
  3 gnolls
  5 adders
  2 white imps
  An ufetubus (D:7)
  An adder skeleton (D:4)
  An adder zombie (D:5)
  A worm (D:2)
  A dart slug (D:2)
  4 orcs (D:4)
  3 bats
  2 endoplasms (D:1)
  A giant cockroach (D:2)
  5 goblins
  A hobgoblin (D:1)
  2 jackals (D:2)
  8 kobolds
  3 quokkas
  5 ball pythons
  4 frilled lizards
  3 gnoll zombies (Ossuary)
  2 kobold zombies (Ossuary)
  An orc skeleton (D:5)
  3 orc zombies (Ossuary)
  3 rats
124 creatures vanquished.

Notes
Turn   | Place    | Note
-------+----------+-------------------------------------------
     0 | D:1      | sasquatch the Demigod Transmuter began the quest for the
                  | Orb.
     0 | D:1      | Reached XP level 1. HP: 15/15 MP: 5/5
   401 | D:1      | Reached skill level 3 in Unarmed Combat
   603 | D:1      | Reached XP level 2. HP: 20/22 MP: 5/7
   606 | D:1      | Learned a level 2 spell: Wereblood
  1350 | D:2      | Reached XP level 3. HP: 9/27 MP: 6/8
  2566 | D:3      | Reached XP level 4. HP: 29/34 MP: 7/9
  2711 | D:3      | Learned a level 3 spell: Spider Form
  2797 | D:3      | Reached skill level 4 in Unarmed Combat
  3076 | D:4      | Noticed a phantom
  3133 | D:4      | Reached XP level 5. HP: 39/39 MP: 6/10
  3599 | D:4      | Found a staircase to the Ecumenical Temple.
  3804 | D:4      | Reached XP level 6. HP: 38/46 MP: 9/11
  4274 | D:4      | Reached skill level 5 in Unarmed Combat
  4482 | D:5      | Entered Level 5 of the Dungeon
  4510 | D:5      | Noticed a water moccasin
  4517 | D:5      | Killed a water moccasin
  4518 | D:5      | Reached skill level 5 in Transmutations
  4809 | D:5      | Found a sand-covered staircase.
  4909 | Ossuary  | Entered an ossuary
  4942 | Ossuary  | Reached XP level 7. HP: 34/51 MP: 12/12
  5426 | D:5      | Reached skill level 6 in Unarmed Combat
  6249 | D:5      | Reached XP level 8. HP: 52/58 MP: 13/13
  6515 | D:5      | Reached skill level 7 in Unarmed Combat
  8324 | D:7      | Reached skill level 8 in Unarmed Combat
  8466 | D:7      | Reached XP level 9. HP: 37/63 MP: 14/14
  8636 | D:7      | Noticed Maggie
  8654 | D:7      | Killed Maggie
  8790 | D:7      | Reached skill level 9 in Unarmed Combat
  8803 | D:7      | Noticed Harold
  8827 | D:7      | Killed from afar by Harold

Illustrated notes

Levels and vault maps discovered:
D:1:      heliophobic_arrival_ceremonial_halls, layout_basic,
          serial_corexii_hall, corexii_hall_statues_l, corexii_hall_statues_t
D:2:      minmay_spotlight, layout_basic
D:3:      layout_rooms
D:4:      layout_gridville, minmay_temple_entry_glassed_door
D:5:      layout_basic, gammafunk_temple_overflow_statue,
          nicolae_ossuary_entry_catacombs, chequers_serial_rivers_micro_c,
          st_stairs_14
D:6:      layout_cave_pods
D:7:      layout_basic, fedhas_ov_isle_minmay, nicolae_wu_jian_glorious_leap,
          uniq_harold, uniq_maggie

Skill      XL: |  1  2  3  4  5  6  7  8  9 |
---------------+----------------------------+-----
Transmutations | 2 3 4 5 6 8 |  8.7
Unarmed Combat | 3 4 5 6 8 9 |  9.0
Fighting       | |  0.8
Dodging        | |  1.7
Spellcasting   | |  1.7

Action                   |  1- 3 |  4- 6 |  7- 9 || total
-------------------------+-------+-------+-------++-------
Melee: Unarmed           |   103 |   115 |   268 ||   486
       Kick              |    19 |    40 |    84 ||   143
       Headbutt          |    12 |    21 |    55 ||    88
       Punch             |     1 |     2 |    15 ||    18
Throw: Dart              |       |     6 |       ||     6
 Cast: Beastly Appendage |    18 |    21 |    31 ||    70
       Wereblood         |     1 |     2 |     3 ||     6
       Spider Form       |       |     4 |     5 ||     9
  Use: Scroll            |       |    13 |     5 ||    18
       Potion            |       |     1 |       ||     1
 Stab: Sleeping          |     1 |       |     4 ||     5
Armor: Robe              |    20 |    25 |    47 ||    92
       Skin              |       |     2 |     1 ||     3
Dodge: Dodged            |    71 |    52 |   131 ||   254
